Map: Kairos Junction LE

Players

Hellraiser

  • Race: Protoss Protoss
  • Spawn Location: 11:00

souL - Winner!

  • Race: Terran Terran
  • Spawn Location: 5:00

Event: IEM Season 13: Katowice (2019)

VOD

Have the link to the VOD?

Description

Time

  • Played on: Feb. 26, 2019, 10:06 a.m.
  • Length: 9:59

All games in this series

Show
View Real Time Build Order
Export as new Build Order

Hellraiser Protoss 

Build Orders: 1 Gate Expand, Colossus Rush 

Get SALT Encoding   

  12  0:00  Probe  
  13  0:12  Probe  
  14  0:16  Pylon  
  14  0:21  Probe  
  15  0:30  Probe  
  16  0:37  Gateway  
  16  0:41  Probe  
  16  0:45  Assimilator  
  17  0:53  Probe  
  18  1:05  Probe  
  19  1:19  Nexus  
  19  1:22  Probe  
  20  1:33  Cybernetics Core  
  20  1:35  Probe  
  21  1:40  Assimilator  
  21  1:47  Probe  
  21  1:49  Pylon  
  22  1:59  Stalker, Probe  
  22  2:00  Warp Gate  
  23  2:11  Probe  
  26  2:23  Probe  
  26  2:28  Probe  
  26  2:29  Stalker  
  29  2:35  Probe  
  29  2:36  Probe  
  32  2:46  Probe  
  32  2:47  Probe  
  33  2:54  Gateway  
  33  2:57  Gateway  
  33  2:58  Probe  
  33  3:00  Probe  
  35  3:06  Stalker  
  35  3:10  Probe  
  35  3:12  Probe  
  39  3:18  Probe  
  39  3:21  Pylon  
  39  3:24  Probe  
  39  3:26  Probe  
  41  3:30  Robotics Facility  
  44  3:46  Pylon  
  44  3:48  Stalker x2, Probe  
  44  3:50  Probe  
  44  3:52  Stalker  
  50  3:56  Probe  
  50  4:02  Probe  
  52  4:04  Probe  
  53  4:10  Assimilator  
  53  4:11  Pylon  
  53  4:12  Probe  
  53  4:13  Assimilator  
  53  4:16  Probe  
  56  4:17  Observer  
  56  4:19  Robotics Bay  
  56  4:20  Probe  
  56  4:24  Pylon  
  56  4:25  Adept  
  56  4:28  Probe  
  56  4:29  Probe  
  62  4:38  Observer  
  62  4:40  Probe  
  62  4:41  Probe  
  64  4:51  Pylon  
  64  4:55  Observer  
  64  4:56  Forge, Twilight Council  
  65  5:00  Colossus  
  65  5:06  Nexus  
  65  5:14  Probe  
  72  5:21  Extended Thermal Lance  
  72  5:26  Gateway  
  72  5:27  Gateway  
  72  5:28  Protoss Ground Armor Level 1  
  70  5:36  Probe x2  
  69  5:48  Probe x2  
  70  5:55  Stalker x2  
  73  5:59  Charge  
  73  6:00  Probe x2  
  75  6:05  Warp Prism  
  77  6:11  Pylon  
  77  6:12  Probe  
  77  6:14  Probe  
  72  6:28  Probe  
  72  6:29  Probe, Colossus  
  72  6:32  Probe  
  73  6:35  Sentry, Zealot x2  
  79  6:40  Probe  
  79  6:41  Probe  
  79  6:44  Probe  
  88  6:52  Probe  
  88  6:53  Probe  
  90  6:57  Probe  
  90  6:59  Sentry x2, Zealot x2, Stalker  
  101  7:15  Probe  
  99  7:16  Probe  
  99  7:20  Colossus  
  101  7:36  Pylon  
  98  7:37  Zealot, Protoss Ground Armor Level 2  
  98  7:38  Pylon  
  98  7:40  Zealot x3  
  98  7:43  Zealot  
  100  7:46  Probe  
  100  7:47  Probe  
  101  7:51  Probe  
  101  7:56  Colossus  
  101  7:58  Sentry, Probe  
  87  8:00  Probe  
  87  8:02  Probe  
  87  8:08  Probe  
  87  8:10  Probe x2  
  89  8:16  Probe  
  89  8:18  Probe  
  96  8:22  Probe  
  96  8:26  Probe  
  99  8:30  Probe  
  99  8:32  Stalker x3  
  107  8:34  Probe  
  107  8:38  Probe  
  107  8:40  Zealot x2  
  113  8:43  Pylon, Probe  
  114  8:54  Probe  
  110  8:55  Probe  
  110  8:56  Probe  
  110  9:00  Zealot x3  
  112  9:06  Probe  
  112  9:07  Probe  
  104  9:10  Probe  
  105  9:18  Probe  
  105  9:19  Probe  
  105  9:22  Probe, Assimilator  
  108  9:25  Pylon  
  108  9:30  Probe  
  108  9:31  Observer  
  103  9:32  Probe  
  103  9:33  Stalker x3  
  103  9:34  Zealot x2, Probe  
  116  9:39  Assimilator  
  116  9:42  Probe, Templar Archives  
  116  9:44  Probe  
Show
View Real Time Build Order
Export as new Build Order

souL Terran - Winner!

Build Orders: Reaper Expand, Banshee Rush 

Get SALT Encoding   

  12  0:00  SCV  
  13  0:12  SCV  
  14  0:17  Supply Depot  
  14  0:24  SCV  
  15  0:39  SCV  
  15  0:40  Barracks  
  16  0:45  Refinery  
  16  0:51  SCV  
  17  1:03  SCV  
  18  1:16  SCV  
  19  1:29  Reaper, Orbital Command  
  20  1:44  Command Center  
  20  1:52  Supply Depot  
  20  1:57  SCV  
  20  2:01  Marine  
  21  2:07  Factory  
  22  2:10  SCV  
  22  2:14  Refinery  
  23  2:22  SCV  
  25  2:25  Barracks Reactor  
  24  2:34  SCV  
  25  2:46  SCV  
  26  2:52  Starport  
  26  2:54  Widow Mine  
  26  2:58  Orbital Command, SCV  
  29  3:02  Marine x2  
  31  3:10  SCV  
  32  3:19  Marine, Bunker  
  32  3:20  Factory Tech Lab  
  32  3:22  SCV  
  32  3:24  SCV  
  34  3:30  Starport Tech Lab  
  34  3:31  Marine  
  35  3:34  SCV  
  35  3:36  SCV  
  35  3:38  Siege Tank  
  35  3:39  Supply Depot  
  40  3:43  Marine  
  40  3:46  SCV  
  40  3:48  SCV  
  43  3:52  Supply Depot  
  43  3:55  Cloaking Field  
  43  3:57  Marine  
  43  3:59  SCV  
  45  4:03  Barracks  
  45  4:04  Banshee  
  48  4:10  Engineering Bay  
  48  4:15  SCV  
  48  4:16  Supply Depot  
  49  4:21  Barracks  
  49  4:23  SCV  
  49  4:27  Siege Tank  
  52  4:32  Refinery  
  52  4:35  SCV, Supply Depot  
  53  4:39  Missile Turret  
  53  4:41  SCV  
  54  4:47  Banshee, SCV  
  58  4:53  SCV  
  58  4:59  SCV  
  60  5:05  SCV  
  60  5:10  Stimpack, Refinery, Marine  
  60  5:11  Barracks Tech Lab  
  60  5:12  SCV  
  62  5:15  Factory Reactor  
  62  5:16  Marine x2  
  62  5:17  SCV  
  65  5:24  SCV  
  65  5:25  Supply Depot  
  65  5:26  Supply Depot  
  65  5:28  Marine  
  66  5:29  SCV  
  66  5:30  Combat Shield  
  66  5:32  Marine  
  69  5:36  SCV  
  69  5:37  Starport Reactor  
  69  5:41  SCV  
  71  5:44  Terran Infantry Weapons Level 1, Marine  
  71  5:46  Marauder, Marine  
  71  5:48  SCV  
  76  5:50  Marine  
  76  5:53  SCV  
  78  6:00  SCV  
  78  6:02  Marine  
  78  6:04  Marine  
  80  6:06  SCV  
  80  6:08  Marauder  
  80  6:09  Marauder, Supply Depot  
  80  6:10  Supply Depot  
  86  6:14  Medivac x2  
  90  6:19  Widow Mine  
  90  6:20  Marine  
  90  6:21  Marine  
  90  6:23  SCV  
  94  6:29  Marauder  
  94  6:31  Marauder  
  95  6:36  SCV  
  95  6:38  Marine  
  95  6:39  Marine  
  98  6:41  SCV  
  98  6:42  Command Center  
  98  6:44  Medivac  
  101  6:47  Supply Depot  
  101  6:48  SCV, Supply Depot  
  101  6:49  Concussive Shells  
  101  6:50  Marauder  
  101  6:52  Marauder  
  101  6:53  SCV  
  107  7:00  Barracks x2  
  105  7:09  Marine  
  105  7:12  Marauder  
  105  7:14  Marauder  
  103  7:23  Marine  
  103  7:27  SCV  
  103  7:28  SCV  
  103  7:29  Marine  
  107  7:33  Marauder  
  107  7:35  Marauder  
  111  7:41  Marine  
  108  7:44  Liberator, Widow Mine x2  
  108  7:45  Liberator  
  108  7:48  Barracks Tech Lab  
  115  7:55  Marauder, Marine  
  115  7:56  Marauder  
  115  7:57  Marauder  
  98  7:59  Orbital Command  
  98  8:03  Marine  
  98  8:05  SCV x2  
  98  8:06  Widow Mine x2  
  98  8:10  Marauder  
  106  8:13  Marine  
  106  8:16  Marauder  
  106  8:17  Marauder, Marine  
  106  8:18  SCV  
  113  8:21  Marine  
  114  8:27  Widow Mine  
  114  8:31  Marauder, Marine  
  119  8:36  Marauder  
  119  8:37  Marauder  
  119  8:39  Marauder, Marine  
  126  8:42  Liberator  
  126  8:43  SCV  
  126  8:44  Viking, SCV  
  126  8:45  Refinery  
  130  8:49  Marine  
  130  8:53  Marauder  
  133  8:56  Marine  
  133  8:57  Marauder  
  133  8:59  Marauder  
  141  9:03  Marauder  
  141  9:06  Supply Depot x2  
  141  9:08  Supply Depot  
  141  9:11  Marine  
  141  9:14  Marauder, Marine  
  141  9:19  Supply Depot  
  141  9:21  Starport  
  141  9:22  Marauder x2, Fusion Core, Refinery  
  141  9:25  Marine  
  141  9:28  Marine  
  135  9:32  Marine  
  135  9:34  Widow Mine  
  135  9:35  Marauder  
  135  9:38  SCV x3  
  148  9:50  Command Center  

Tags
 
Add a new tag
Caveats
  • Supply blocks, unpowered buildings, or Contaminate may cause inaccurate times.
  • Supply counts are checked every 10 seconds.